 Dungeon Crawl Stone Soup version 0.26-a0-40-gfe7b5d5a6f (webtiles) character file.

Game seed: 9704401250313742790, levelgen mode: deterministic

16 Harbin the Insei (level 2, -6/18 HPs)
             Began as an Octopode Transmuter on May 31, 2020.
             Mangled by a gnoll (8 damage)
             ... on level 1 of the Dungeon.
             The game lasted 00:04:31 (763 turns).

Harbin the Insei (Octopode Transmuter)               Turns: 763, Time: 00:04:31

Health: -6/18      AC:  1    Str:  9    XL:     2   Next: 58%
Magic:  5/5        EV: 13    Int: 15    God:
Gold:   38         SH:  0    Dex: 12    Spells: 4/5 levels left

rFire    . . .     SeeInvis .     - Unarmed
rCold    . . .     Gourm    .   (no shield)
rNeg     . . .     Faith    .   (helmet restricted)
rPois    .         Spirit   .   (no amulet)
rElec    .         Reflect  .   (no ring)
rCorr    .         Harm     .   (no ring)
MR       .....                  (no ring)
Stlth    +++.......             (no ring)
HPRegen  0.06/turn              (no ring)
MPRegen  0.09/turn              (no ring)
                                (no ring)
                                (no ring)

@: stab
A: almost no armour, stealthy swim, amphibious, 8 rings, constrict 8, camouflage
1, gelatinous body 1
a: no special abilities


You were on level 1 of the Dungeon.
You were not hungry.

You visited 1 branch of the dungeon, and saw 2 of its levels.

You collected 38 gold pieces.

Inventory:

Missiles
 a - 12 arrows
Scrolls
 d - a scroll of remove curse {unknown}
 e - 3 scrolls of identify {unknown}
 g - 2 scrolls of teleportation {unknown}
Comestibles
 c - 6 rations
 f - 2 chunks of flesh


   Skills:
 + Level 1.3 Fighting
 + Level 2.2 Dodging
 + Level 3.1 Unarmed Combat
 + Level 2.2 Spellcasting
 + Level 2.2 Transmutations


You had 4 spell levels left.
You knew the following spells:

 Your Spells              Type           Power        Failure   Level  Hunger
a - Beastly Appendage     Tmut           #.....       9%          1    #......

Your spell library contained the following spells:

 Spells                   Type           Power        Failure   Level  Hunger
 Sticks to Snakes         Tmut           #.......     13%         2    ###....
 Spider Form              Tmut/Pois      #.........   38%         3    ###....
 Ice Form                 Ice/Tmut       #.......     80%         4    #####..
 Blade Hands              Tmut           #.........   94%         5    ######.


Dungeon Overview and Level Annotations

Branches:
Dungeon (2/15)

Altars:


Innate Abilities, Weirdness & Mutations

You cannot wear most types of armour.
You are very stealthy in the water. (Stealth+)
You are amphibious.
You can wear up to eight rings at the same time.
You can use your tentacles to constrict eight enemies at once.
Your skin changes colour to match your surroundings (Stealth+).
Your rubbery body absorbs attacks. (AC +1, EV +1)


Message History

The gnoll shouts!
The gnoll barely misses you. x2
You climb upwards.
There is a stone staircase leading down here.
The gnoll barely misses you.
You closely miss the gnoll. You grab the gnoll. You squeeze the gnoll.
The gnoll is lightly wounded.
You constrict the gnoll. The gnoll misses you.
The gnoll hits you from afar with a +0 spear.
* * * LOW HITPOINT WARNING * * *
You release your grip on the gnoll.
The gnoll shouts!
You tentacle-slap the gnoll. Your grab misses the gnoll.
The gnoll is moderately wounded.
The gnoll hits you.
* * * LOW HITPOINT WARNING * * *
It was a potion of stabbing.
You feel ready to backstab. The gnoll hits you!
You die...

#..+#≈≈##.......#........
#..#....#.....########'##
#..≈..§.≈.....# #.#
#..≈..⌠.≈.....# #.##
#..≈....≈.....# #...
#..#....#.....# ####
#.###≈≈###≈≈#### ###.#
#.#.....#g...#.# #...#
#.#.....@....≈.# #.#.##
#.#.....≈.⌠<.≈.# #...).
#.#.....≈....≈.#######'##
#.#.....#....#...........
#.......##≈≈#'...........
#...#####.g..............
#...# #####............
##### #####.######. #.#
##


You could see 2 gnolls.

Vanquished Creatures
  A leopard gecko (D:1)
  3 bats (D:1)
  2 giant cockroaches (D:1)
  A hobgoblin (D:1)
  A jackal (D:1)
  A frilled lizard (D:1)
  2 goblins (D:1)
  3 kobolds (D:1)
14 creatures vanquished.

Notes
Turn   | Place    | Note
-------+----------+-------------------------------------------
     0 | D:1      | Harbin the Octopode Transmuter began the quest for the Orb.
     0 | D:1      | Reached XP level 1. HP: 13/13 MP: 3/3
   102 | D:1      | Reached XP level 2. HP: 16/18 MP: 5/5
   763 | D:1      | Mangled by a gnoll

Illustrated notes

Levels and vault maps discovered:
D:1:      dpeg_arrival_rooms_with_view, layout_basic
D:2:      wad_lake_hut, layout_basic, first_ration

Action                   || total
-------------------------++-------
Melee: Unarmed           ||    30
       Constrict         ||    12
       Punch             ||     2
       Tentacles         ||     5
  Use: Potion            ||     1
 Stab: Sleeping          ||     6
Armor: Skin              ||     3
Dodge: Dodged            ||    17

Table legend:
 A = Non-vault XP
 B = Vault XP
 C = Vault XP percentage of total XP
 D = Non-vault monster count
 E = Vault monster count
 F = Vault count percentage of total count
                 A         B        C        D         E       F
            +---------+---------+-------+---------+---------+-------
      Total |      20 |       4 |  16.7 |      12 |       2 |  14.3
            +---------+---------+-------+---------+---------+-------
        D:1 |      20 |       4 |  16.7 |      12 |       2 |  14.3
            +---------+---------+-------+---------+---------+-------
